 Dungeon Crawl Stone Soup version 0.24.0-37-gcf1ca852f1 (webtiles) character file.

Game seed: 8353529840246161299, levelgen mode: deterministic

1645 FishyPogo the Ducker (level 8, 0/66 HPs)
             Began as a Minotaur Monk on Nov 30, 2019.
             Was a Priest of Okawaru.
             Slain by a hippogriff (4 damage)
             ... on level 7 of the Dungeon.
             The game lasted 00:17:55 (5057 turns).

FishyPogo the Ducker (Minotaur Monk)                Turns: 5057, Time: 00:17:56

Health: 0/66       AC:  2    Str: 20    XL:     8   Next: 67%
Magic:  11/11      EV: 16    Int:  7    God:    Okawaru [***...]
Gold:   161        SH:  0    Dex: 15    Spells: 7/7 levels left

rFire    + + +     SeeInvis .   a - +3 flail of the Spider Nest {crush, +Blink rN+ Str+4}
rCold    . . .     Gourm    .   (no shield)
rNeg     + + +     Faith    .   d - +0 robe of Zatoulioxt {rElec rF++ rN++} (curse)
rPois    .         Spirit   .   (helmet restricted)
rElec    +         Reflect  .   v - scarf {cloud immunity}
rCorr    .         Harm     .   (no gloves)
MR       .....                  (no boots)
Stlth    ++........             (no amulet)
HPRegen  0.21/turn              s - ring of protection from fire
MPRegen  0.12/turn              (no ring)

@: starving
A: retaliatory headbutt, horns 2
a: Heroism, Renounce Religion, Evoke Blink


You were on level 7 of the Dungeon.
You worshipped Okawaru.
Okawaru was most pleased with you.
You were starving.

You visited 2 branches of the dungeon, and saw 8 of its levels.

You collected 339 gold pieces.
You spent 178 gold pieces at shops.

Inventory:

Hand Weapons
 a - the +3 flail of the Spider Nest (weapon) {crush, +Blink rN+ Str+4}
   (You bought it in a shop on level 4 of the Dungeon)

   It inflicts extra damage upon your enemies.
   It affects your strength (+4).
   It protects you from negative energy.
   It lets you blink.
 b - a +5 hunting sling
Missiles
 g - 2 curare-tipped darts
 k - 149 stones
 n - 2 silver javelins
 r - 24 sling bullets
 u - 17 poisoned darts (quivered)
Armour
 d - the cursed +0 robe of Zatoulioxt (worn) {rElec rF++ rN++}
   (You found it on level 4 of the Dungeon)

   It greatly protects you from fire.
   It insulates you from electricity.
   It greatly protects you from negative energy.
   It has a curse placed upon it.
 v - a scarf of cloud immunity (worn)
Jewellery
 s - a ring of protection from fire (left hand)
Wands
 i - a wand of clouds (7)
Scrolls
 e - a scroll of enchant armour {unknown}
 f - a scroll of blinking {unknown}
 m - a scroll of immolation {unknown}
 o - 5 scrolls of identify
 q - 6 scrolls of teleportation {unknown}
Potions
 h - 4 potions of curing
 j - a potion of lignification {unknown}
 l - 2 potions of might
 p - a potion of flight {unknown}
 t - a potion of cancellation {unknown}
Comestibles
 c - 9 rations


   Skills:
 - Level 4.0 Fighting
   Level 4.0 Long Blades
 - Level 4.6 Maces & Flails
 - Level 4.0 Slings
 - Level 3.0 Armour
 + Level 6.8 Dodging
 - Level 2.0 Stealth
 - Level 2.0 Invocations
 * Level 5.7 Evocations


You had 7 spell levels left.
You didn't know any spells.
Your spell library was empty.

Dungeon Overview and Level Annotations

Branches:
Dungeon (7/15)             Temple (1/1) D:4

Altars:
Ashenzari
Dithmenos
Elyvilon
Fedhas
Gozag
Hepliaklqana
Kikubaaqudgha
Makhleb
Nemelex Xobeh
Okawaru
Qazlal
Trog
Uskayaw
Vehumet
Wu Jian
Xom
Yredelemnul
The Shining One

Shops:
D:4 (

Annotations:
D:5 4 runed translucent doors
D:6 Duvessa


Innate Abilities, Weirdness & Mutations

You reflexively headbutt those who attack you in melee.
You have a pair of horns on your head.


Message History

The hippogriff bites you! The hippogriff barely misses you.
The hippogriff claws you but does no damage.
You hit the hippogriff. You headbutt the hippogriff.
The hippogriff is heavily wounded.
The hippogriff bites you! The hippogriff pecks you.
The hippogriff closely misses you.
You barely miss the hippogriff.
The hippogriff is heavily wounded.
The hippogriff barely misses you. The hippogriff pecks you!
The hippogriff claws you. The hippogriff bites you!
* * * LOW HITPOINT WARNING * * *
The hippogriff pecks you.
* * * LOW HITPOINT WARNING * * *
The hippogriff misses you.
You hit the hippogriff.
The hippogriff is heavily wounded.
The hippogriff bites you.
* * * LOW HITPOINT WARNING * * *
The hippogriff pecks you.
You die...

##+## # ##...## (#
##.....## ### .#
##.......## ##.##.####
#.........####........##
'.........'........<....
#.........####...####.##
##......?## #..........
##.....## ###@#######
##..$## #H# ##+## #.#
#.# #.# #.# ..# ###


You could see a hippogriff.

Vanquished Creatures
  Pikel (D:6)
  Menkaure (D:6)
  4 slaves (D:6)
  An ice beast (D:5)
  A black bear (D:5)
  An orc warrior (D:5)
  An ogre (D:5)
  A howler monkey (D:5)
  A jelly (D:5)
  An orc priest (D:5)
  4 orc wizards (D:5)
  A bullfrog skeleton (D:5)
  An iguana (D:4)
  Crazy Yiuf (D:5)
  Ijyb (D:3)
  5 worker ants
  Natasha (twice) (D:2)
  A worker ant zombie (D:5)
  5 adders
  2 shadow imps (D:5)
  An ooze (D:2)
  2 adder skeletons (D:5)
  An adder zombie (D:5)
  2 worms
  2 dart slugs
  6 leopard geckos
  13 orcs
  A ball python (D:6)
  8 bats
  7 giant cockroaches
  11 goblins
  6 hobgoblins
  4 jackals (D:1)
  8 frilled lizards
  11 kobolds
  2 leopard gecko skeletons (D:5)
  2 quokka skeletons
  8 rats
131 creatures vanquished.

Notes
Turn   | Place    | Note
-------+----------+-------------------------------------------
     0 | D:1      | FishyPogo the Minotaur Monk began the quest for the Orb.
     0 | D:1      | Reached XP level 1. HP: 19/19 MP: 0/0
    53 | D:1      | Reached XP level 2. HP: 26/27 MP: 1/1
   373 | D:1      | Reached XP level 3. HP: 33/33 MP: 2/2
   551 | D:1      | Reached skill level 1 in Slings
   814 | D:2      | Found a hide-covered altar of Uskayaw.
   902 | D:3      | Reached skill level 4 in Dodging
   902 | D:3      | Reached XP level 4. HP: 30/40 MP: 3/3
   906 | D:3      | Found an iron altar of Okawaru.
   909 | D:3      | Became a worshipper of Warmaster Okawaru
   909 | D:3      | Reached * piety under Okawaru
   909 | D:3      | Reached ** piety under Okawaru
  1339 | D:2      | Found a shadowy altar of Dithmenos.
  1429 | D:2      | Noticed Natasha
  1443 | D:2      | Killed Natasha
  1443 | D:2      | Reached skill level 1 in Armour
  1564 | D:2      | Noticed Natasha
  1673 | D:2      | Killed Natasha
  1673 | D:2      | Reached skill level 1 in Invocations
  1673 | D:2      | Reached XP level 5. HP: 28/46 MP: 4/4
  2299 | D:3      | Noticed Ijyb
  2315 | D:3      | Killed Ijyb
  2617 | D:4      | Got a creamy pearl robe
  2628 | D:4      | Identified the cursed +0 robe of Zatoulioxt {rElec rF++
                  | rN++} (You found it on level 4 of the Dungeon)
  2870 | D:4      | Found an ancient bone altar of Kikubaaqudgha.
  2905 | D:4      | Found a staircase to the Ecumenical Temple.
  2953 | Temple   | Entered the Ecumenical Temple
  3143 | D:4      | Found a bloodstained altar of Trog.
  3203 | D:4      | Found Sixtemn's Antique Weapon Shop.
  3211 | D:4      | Bought a faintly glowing flail for 178 gold pieces
  3211 | D:4      | Identified the +3 flail of the Spider Nest {crush, +Blink
                  | rN+ Str+4} (You bought it in a shop on level 4 of the
                  | Dungeon)
  3380 | D:5      | Entered Level 5 of the Dungeon
  3393 | D:5      | Found a runed translucent door.
  3394 | D:5      | Noticed Crazy Yiuf
  3399 | D:5      | Killed Crazy Yiuf
  3399 | D:5      | Reached XP level 6. HP: 52/52 MP: 6/6
  3424 | D:5      | Found a blossoming altar of Fedhas.
  3451 | D:5      | Reached skill level 1 in Evocations
  3653 | D:5      | Reached skill level 1 in Maces & Flails
  3684 | D:5      | Noticed an ice beast
  3686 | D:5      | Reached skill level 5 in Dodging
  3693 | D:5      | Killed an ice beast
  3693 | D:5      | Reached XP level 7. HP: 46/59 MP: 7/7
  3934 | D:5      | Found a white marble altar of Elyvilon.
  3937 | D:5      | Found a stormy altar of Qazlal.
  3985 | D:5      | Found a large runed translucent door.
  3985 | D:5      | Found a large runed translucent door.
  4008 | D:5      | Reached *** piety under Okawaru
  4231 | D:5      | Found a large runed translucent door.
  4231 | D:5      | Found a large runed translucent door.
  4276 | D:5      | Reached XP level 8. HP: 48/66 MP: 8/10
  4602 | D:6      | Noticed Pikel
  4636 | D:6      | Killed Pikel
  4636 | D:6      | Reached skill level 6 in Dodging
  4636 | D:6      | Reached skill level 5 in Evocations
  4674 | D:6      | Noticed Duvessa
  4908 | D:6      | Noticed Menkaure
  4911 | D:6      | Killed Menkaure
  5047 | D:7      | Noticed a hippogriff
  5057 | D:7      | Slain by a hippogriff

Levels and vault maps discovered:
D:1:      psy_arrival_whirlpool, layout_basic
D:2:      minmay_skewed_foursquare, layout_rooms, lemuel_crystal_altar,
          old_standard_altar, first_ration, kennysheep_boxes, uniq_natasha
D:3:      layout_loops_corners, okawaru_trees_2, uniq_ijyb
D:4:      layout_loops_cross, kiku_gazebo_garden_becter,
          nicolae_overflow_crystal_walls, minmay_temple_entry_slanted,
          serial_shops, shop
D:5:      minmay_recursive_quarters, layout_loops_ring, fedhas_ov_isle_minmay,
          minitemple, hangedman_glass_teeth, minmay_hollow_rounded_squares,
          uniq_crazy_yiuf_cottage
D:6:      layout_cave_pools, uniq_eustachio, uniq_duvessa, uniq_menkaure,
          uniq_pikel
D:7:      layout_loops_corners, gammafunk_temple_overflow_claw,
          kennysheep_generic_room_11
Temple:   zaba_magenta_temple

Skill      XL: |  1  2  3  4  5  6  7  8 |
---------------+-------------------------+-----
Fighting       | 4 |  4.0
Long Blades    | 4 |  4.0
Stealth        | 2 |  2.0
Slings         | 1 2 3 4 |  4.0
Dodging        | 4 5 6 |  6.8
Armour         | 1 3 |  3.0
Invocations    | 1 2 |  2.0
Evocations     | 2 4 5 |  5.7
Maces & Flails | 1 3 4 |  4.6

Action                   |  1- 3 |  4- 6 |  7- 9 || total
-------------------------+-------+-------+-------++-------
Melee: Falchion          |    51 |       |       ||    51
       Headbutt          |    15 |    21 |    18 ||    54
       Dagger            |    22 |    65 |       ||    87
       Flail             |       |    34 |    82 ||   116
 Fire: Hunting sling     |       |    56 |     5 ||    61
Throw: Stone             |       |       |     1 ||     1
       Dart              |       |       |     8 ||     8
Invok: Heroism           |       |     1 |       ||     1
  Use: Potion            |     4 |       |     2 ||     6
       Scroll            |     2 |     1 |       ||     3
 Stab: Sleeping          |     3 |     4 |     2 ||     9
  Eat: Chunk             |       |     9 |     2 ||    11
Armor: Robe              |     9 |    11 |     3 ||    23
Dodge: Dodged            |    55 |    66 |    68 ||   189
       Rpst.: Falchion   |     9 |       |       ||     9
